 Dungeon Crawl Stone Soup version 0.25-a0-458-g6fc7858b95 (webtiles) character file.

Game seed: 10992525798701219220, levelgen mode: deterministic

209 Hasart the Digger (level 5, -1/38 HPs)
             Began as a Demigod Earth Elementalist on Feb 3, 2020.
             Slain by an orc
             ... wielding a +0 hand axe
              (7 damage)
             ... on level 4 of the Dungeon.
             The game lasted 00:07:59 (3530 turns).

Hasart the Digger (Demigod Earth Elementalist)      Turns: 3530, Time: 00:07:59

Health: -1/38      AC:  2    Str: 11    XL:     5   Next: 30%
Magic:  0/12       EV: 14    Int: 21    God:
Gold:   124        SH:  0    Dex: 19    Spells: 5/9 levels left

rFire    . . .     SeeInvis .   r - +3 short sword (drain)
rCold    . . .     Gourm    .   (no shield)
rNeg     + . .     Faith    .   c - +0 robe
rPois    .         Spirit   +   (no helmet)
rElec    .         Reflect  .   (no cloak)
rCorr    .         Harm     .   (no gloves)
MR       .....                  (no boots)
Stlth    ++........             j - amulet of guardian spirit
HPRegen  0.12/turn              i - +3 ring of dexterity
MPRegen  0.13/turn              f - ring of positive energy

@: no status effects
A: high mp 1
a: no special abilities


You were on level 4 of the Dungeon.
You were not hungry.

You visited 1 branch of the dungeon, and saw 4 of its levels.

You collected 124 gold pieces.

Inventory:

Hand Weapons
 r - a +3 short sword of draining (weapon)
Missiles
 b - 87 stones (quivered)
Armour
 c - a +0 robe (worn)
Jewellery
 f - a ring of positive energy (right hand)
 i - a +3 ring of dexterity (left hand)
 j - an amulet of guardian spirit (around neck)
Wands
 l - a wand of acid (8)
Scrolls
 a - 2 scrolls of teleportation
 g - a scroll of fear
 h - 3 scrolls of identify
 n - 2 scrolls of blinking
Potions
 e - 2 potions of mutation
 p - a potion of lignification {unknown}
 s - a potion of degeneration {unknown}
Comestibles
 d - 8 rations
 q - 2 chunks of flesh


   Skills:
 + Level 2.9 Dodging
 - Level 1.7 Stealth
 + Level 2.7 Spellcasting
   Level 0.8 Transmutations
 * Level 4.3 Earth Magic
 + Level 1.2 Evocations


You had 5 spell levels left.
You knew the following spells:

 Your Spells              Type           Power        Failure   Level  Hunger
a - Sandblast             Erth           ###...       2%          1    None
b - Stone Arrow           Conj/Erth      ##....       17%         3    ###....

Your spell library contained the following spells:

 Spells                   Type           Power        Failure   Level  Hunger
 Passwall                 Tmut/Erth      ##......     7%          2    ##.....
 Petrify                  Tmut/Erth      ##......     43%         4    ####...
 Lee's Rapid Deconstruct  Erth           ###.......   54%         5    ######.


Dungeon Overview and Level Annotations

Branches:
Dungeon (4/15)
 Temple: D:4-7


Innate Abilities, Weirdness & Mutations

You have an increased reservoir of magic. (+10% MP)


Message History

Aiming: Sandblast (safe; 2% risk of failure)
Press: ? - help, Shift-Dir - straight line, f/p - orc wizard
Aim: an orc wizard, wielding a +0 dagger and wearing a +0 robe (heavily wounded, fast)
The blast of sand hits the orc wizard!
You kill the orc wizard!
b - 88 stones The orc hits you with a +0 hand axe.
* * * LOW HITPOINT WARNING * * *
Unknown command.
Things that are here:
a +0 dagger; a +0 robe
Casting: Sandblast (safe; 2% risk of failure)
Confirm with . or Enter, or press ? or * to list all spells.
Aiming: Sandblast (safe; 2% risk of failure)
Press: ? - help, Shift-Dir - straight line, f - orc
Aim: an orc, wielding a +0 hand axe and wearing a cursed +0 leather armour The blast of sand hits the orc but does no damage.
b - 87 stones The orc hits you with a +0 hand axe!
You die...

#....%.......#
#..#
#............#
#..#
#........[...#
#..#
#.....)......#
#)##
#.............##)#
#.............##.#
##............##)#
##.........:.##o#
#...>......###@#
###
##.......####..#
#.. #..# ### #..#
# # ###..# .# ##
###....####.# #.
##...........# #.
#..........#### #.
...........# ##.


You could see an orc.

Vanquished Creatures
  An orc priest (D:4)
  An orc wizard (D:4)
  6 adders
  2 worms
  2 dart slugs
  6 leopard geckos
  7 orcs
  A ball python (D:3)
  7 bats
  5 giant cockroaches
  10 goblins
  6 hobgoblins
  A jackal (D:3)
  A quokka (D:3)
  5 frilled lizards
  8 kobolds
  11 rats
80 creatures vanquished.

Vanquished Creatures (others)
  A frilled lizard (D:3)
1 creature vanquished.

Grand Total: 81 creatures vanquished

Notes
Turn   | Place    | Note
-------+----------+-------------------------------------------
     0 | D:1      | Hasart the Demigod Earth Elementalist began the quest for
                  | the Orb.
     0 | D:1      | Reached XP level 1. HP: 14/14 MP: 5/5
   159 | D:1      | Reached skill level 3 in Earth Magic
   256 | D:1      | Reached XP level 2. HP: 20/20 MP: 7/7
   859 | D:1      | Found a sparkling altar of Nemelex Xobeh.
  1275 | D:2      | Reached XP level 3. HP: 26/26 MP: 6/8
  1289 | D:2      | Learned a level 3 spell: Stone Arrow
  1866 | D:2      | Found a basalt altar of Yredelemnul.
  2137 | D:2      | Found a bloodstained altar of Trog.
  2257 | D:3      | Found a stormy altar of Qazlal.
  2600 | D:3      | Reached XP level 4. HP: 33/33 MP: 7/10
  3247 | D:3      | Reached skill level 4 in Earth Magic
  3491 | D:4      | Reached skill level 1 in Evocations
  3491 | D:4      | Reached XP level 5. HP: 24/38 MP: 1/11
  3530 | D:4      | Slain by an orc

Levels and vault maps discovered:
D:1:      scummos_arrival_star, layout_basic, minmay_liquid_box,
          nemelex_diamond_rough_becter
D:2:      layout_basic, lightli_temple_of_fire, marbit_many_paths
D:3:      minmay_bubble_buster, layout_basic, grunt_qazlal_clouds
D:4:      layout_cave_pods, first_ration, gup_sewer_entry_pipe

Skill      XL: |  1  2  3  4 |
---------------+-------------+-----
Earth Magic    | 3 4 |  4.3
Dodging        | 2 |  2.9
Spellcasting   | 2 |  2.7
Evocations     | 1 |  1.2
Stealth        | |  1.7
Transmutations | |  0.8

Action                   |  1- 3 |  4- 6 || total
-------------------------+-------+-------++-------
Melee: Short sword       |   123 |    52 ||   175
       Dagger            |     2 |       ||     2
 Cast: Sandblast         |    11 |    29 ||    40
  Use: Scroll            |       |     7 ||     7
 Stab: Sleeping          |     8 |       ||     8
  Eat: Chunk             |     5 |     3 ||     8
Armor: Robe              |    25 |     9 ||    34
Dodge: Dodged            |    66 |    30 ||    96

Table legend:
 A = Non-vault XP
 B = Vault XP
 C = Vault XP percentage of total XP
 D = Non-vault monster count
 E = Vault monster count
 F = Vault count percentage of total count
                 A         B        C        D         E       F
            +---------+---------+-------+---------+---------+-------
      Total |     254 |      45 |  15.1 |      64 |      16 |  20.0
            +---------+---------+-------+---------+---------+-------
        D:1 |      29 |       0 |   0.0 |      20 |       0 |   0.0
        D:2 |      67 |       3 |   4.3 |      22 |       1 |   4.3
        D:3 |      71 |      42 |  37.2 |      18 |      15 |  45.5
        D:4 |      87 |       0 |   0.0 |       4 |       0 |   0.0
            +---------+---------+-------+---------+---------+-------
